 Dungeon Crawl Stone Soup version 0.26.1-11-gd32895ea62 (webtiles) character file.

Game seed: 5785128192938966427

64 Zeld the Grasshopper (level 4, -1/29 HPs)
             Began as an Octopode Warper on May 17, 2021.
             Slain by Natasha (4 damage)
             ... on level 2 of the Dungeon.
             The game lasted 00:02:11 (2294 turns).

Zeld the Grasshopper (Octopode Warper)              Turns: 2294, Time: 00:02:12

Health: -1/29      AC:  1    Str: 11    XL:     4   Next: 12%
Magic:  7/7        EV: 13    Int: 15    God:
Gold:   129        SH:  0    Dex: 11    Spells: 3/8 levels left

rFire    . . .     SeeInvis .   a - +0 mace
rCold    . . .     Faith    .   (no shield)
rNeg     . . .     Spirit   .   (helmet restricted)
rPois    .         Reflect  .   (no amulet)
rElec    .         Harm     .   (no ring)
rCorr    .         Rampage  .   (no ring)
Will     .....                  (no ring)
Stlth    ++........             (no ring)
HPRegen  0.09/turn              (no ring)
MPRegen  0.10/turn              (no ring)
                                (no ring)
                                (no ring)

@: no status effects
A: almost no armour, stealthy swim, amphibious, 8 rings, constrict 8, camouflage
1, gelatinous body 1
a: no special abilities


You were on level 2 of the Dungeon.
You visited 1 branch of the dungeon, and saw 2 of its levels.

You collected 129 gold pieces.

Inventory:

Hand Weapons
 a - a +0 mace (weapon)
Missiles
 b - 5 boomerangs of dispersal
 l - 4 boomerangs (quivered)
Jewellery
 i - a cursed amulet of inaccuracy {unknown}
 j - an uncursed ring of resist corrosion {unknown}
Scrolls
 c - a scroll of blinking
 e - a scroll of fear {unknown}
 g - 3 scrolls of remove curse {unknown}
 m - a scroll of enchant weapon {unknown}
Potions
 d - a potion of magic {unknown}
 f - a potion of haste {unknown}
 h - a potion of flight {unknown}
 k - a potion of heal wounds {unknown}


   Skills:
 - Level 2.0 Fighting
 * Level 3.3 Maces & Flails
 - Level 1.0 Throwing
 - Level 2.3 Dodging
 + Level 2.6 Spellcasting
 + Level 3.4 Translocations


You had 3 spell levels left.
You knew the following spells:

 Your Spells              Type           Power        Failure   Level
a - Blink                 Tloc           N/A          8%          2
b - Gell's Gravitas       Tloc           6%           16%         3

Your spell library contained the following spells:

 Spells                   Type           Power        Failure   Level
 Lesser Beckoning         Tloc           6%           16%         3
 Teleport Other           Tloc           12%          16%         3
 Passage of Golubria      Tloc           N/A          45%         4


Dungeon Overview and Level Annotations

Branches:
Dungeon (2/15)

Altars:

Annotations:
D:2 Natasha


Innate Abilities, Weirdness & Mutations

You cannot wear most types of armour.
You are very stealthy in the water. (Stealth+)
You are amphibious.
You can wear up to eight rings at the same time.
You can use your tentacles to constrict eight enemies at once.
Your skin changes colour to match your surroundings (Stealth+).
Your rubbery body absorbs attacks. (AC +1, EV +1)


Message History

No target in view!
m - a scroll labelled GOLU QYLAQO
Found 20 arrows.
Found a stone staircase leading down.
Natasha, Servant of Life and Death comes into view.
Natasha hisses angrily.
Natasha is nearby!
Natasha is nearby!
Natasha casts a spell at you. The magic dart hits you! Natasha claws you!
You are too injured to fight recklessly!
You are too injured to fight recklessly!
You barely miss Natasha. Your grab misses Natasha. Your squeeze misses Natasha.
Natasha stares at you and mumbles some strange words.
The magic dart hits you!
* * * LOW HITPOINT WARNING * * *
You barely miss Natasha. Your grab misses Natasha. Your squeeze misses Natasha.
Natasha claws you.
You die...

### .... ..... ......
#### ..$.###.. .....#.#
#.#.#.#############
#..>..@h..........##
###.#############..####
#....................
#########....###.##..
#....# #..#.. #....#
##.#.. #..(.# #.#..
###### #.... ##.<.


You could see Natasha.

Vanquished Creatures
  Natasha (D:2)
  An ooze (D:1)
  2 giant cockroaches (D:1)
  2 goblins
  4 hobgoblins (D:1)
  5 jackals (D:1)
  4 bats
  2 frilled lizards
  7 kobolds
  7 rats (D:1)
35 creatures vanquished.

Notes
Turn   | Place    | Note
-------+----------+-------------------------------------------
     0 | D:1      | Zeld the Octopode Warper began the quest for the Orb.
     0 | D:1      | Reached XP level 1. HP: 14/14 MP: 3/3
   240 | D:1      | Reached XP level 2. HP: 2/19 MP: 5/5
   243 | D:1      | Learned a level 2 spell: Blink
  1265 | D:1      | Reached XP level 3. HP: 24/24 MP: 6/6
  1274 | D:1      | Learned a level 3 spell: Gell's Gravitas
  1786 | D:2      | Noticed Natasha
  2121 | D:2      | Killed Natasha
  2122 | D:2      | Reached XP level 4. HP: 19/29 MP: 7/7
  2289 | D:2      | Noticed Natasha
  2294 | D:2      | Slain by Natasha

Illustrated notes

Levels and vault maps discovered:
D:1:      elethiomel_arrival_diamonds, layout_basic
D:2:      layout_basic, uniq_natasha

Skill      XL: |  1  2  3 |
---------------+----------+-----
Maces & Flails | 3 |  3.3
Fighting       | |  2.0
Throwing       | |  1.0
Dodging        | |  2.3
Spellcasting   | |  2.6
Translocations | |  3.4

Action                   |  1- 3 |  4- 6 || total
-------------------------+-------+-------++-------
Melee: Mace              |    81 |     5 ||    86
       Constrict         |    20 |     1 ||    21
       Tentacles         |    11 |       ||    11
 Cast: Blink             |     1 |       ||     1
 Stab: Sleeping          |     4 |     1 ||     5
Armor: Skin              |     6 |       ||     6
Dodge: Dodged            |    62 |     1 ||    63
